 Dungeon Crawl Stone Soup version 0.29.1-15-g9cfb28693d (webtiles) character file.

Game seed: 13558742659445658456

142 protoss039 the Digger (level 5, -10/38 HPs)
             Began as a Demonspawn Earth Elementalist on Mar 12, 2023.
             Mangled by an iguana (13 damage)
             ... on level 5 of the Dungeon.
             The game lasted 00:02:16 (2257 turns).

protoss039 the Digger (DsEE)                        Turns: 2257, Time: 00:02:16

Health: -10/38     AC:  3    Str:  9    XL:     5   Next: 4%
Magic:  8/9        EV: 11    Int: 18    God:
Gold:   86         SH:  0    Dex: 17    Spells: 3/9 levels left

rFire   + . .      SeeInvis .   r - +7 mace of Disembowelment {freeze, Dex+4}
rCold   x . .      Faith    .   (no shield)
rNeg    . . .      Spirit   .   j - +0 leather armour
rPois   .          Reflect  .   (no helmet)
rElec   .          Harm     .   (no cloak)
rCorr   .          Rampage  .   (no gloves)
Will    .....                   (no boots)
Stlth   ++........              (no amulet)
HPRegen 0.12/turn               o - ring of fire
MPRegen 0.11/turn               (no ring)

@: no status effects
A: powered by pain 1
a: no special abilities


You were on level 5 of the Dungeon.
You visited 1 branch of the dungeon, and saw 5 of its levels.

You collected 86 gold pieces.

Inventory:

Hand Weapons
 r - the +7 mace of Disembowelment (weapon) {freeze, Dex+4}
   (You found it on level 3 of the Dungeon)

   It freezes those it strikes, dealing additional cold damage.
   It can also slow down cold-blooded creatures.
   Dex:       It affects your dexterity (+4).
Armour
 j - a +0 leather armour (worn)
Jewellery
 o - a ring of fire (left hand)
Scrolls
 d - a scroll of amnesia {unknown}
 e - 4 scrolls of identify {unknown}
 h - a scroll of poison {unknown}
 i - a scroll of teleportation {unknown}
 k - a scroll of fear {unknown}
 n - a scroll of enchant weapon {unknown}
Potions
 a - a potion of might {unknown}
 b - 4 potions of magic
 c - a potion of degeneration {unknown}
 f - a potion of invisibility {unknown}
 g - a potion of mutation {unknown}
 l - a potion of flight {unknown}
 m - a potion of curing {unknown}
 p - a potion of heal wounds {unknown}
 q - a potion of cancellation {unknown}


   Skills:
 + Level 2.0 Fighting
 * Level 2.0 Armour
 - Level 1.7 Dodging
 - Level 1.7 Stealth
 + Level 2.9 Spellcasting
 - Level 0.8 Transmutations
 + Level 3.4 Earth Magic


You had 3 spell levels left.
You knew the following spells:

 Your Spells              Type           Power      Damage    Failure   Level
a - Sandblast             Erth           30%        2d9       5%          1
b - Passwall              Tmut/Erth      8%         N/A       14%         2
c - Stone Arrow           Conj/Erth      16%        3d8       32%         3

Your spell library contained the following spells:

 Spells                   Type           Power      Damage    Failure   Level
 Blink                    Tloc           4%         N/A       34%         2
 Lesser Beckoning         Tloc           2%         N/A       56%         3
 Petrify                  Tmut/Erth      10%        N/A       67%         4
 Manifold Assault         Tloc           2%         N/A       99%         5


Dungeon Overview and Level Annotations

Branches:
Dungeon (6/15) Zot: 26936
 Temple: D:4-7

Altars:
Fedhas

Annotations:
D:3 1 runed translucent door, Sapher's ghost, amateur MeEE


Innate Abilities, Weirdness & Mutations

You sometimes gain a little power by taking damage.


Message History

You kill the adder!
The iguana hisses angrily.
You have reached level 5!
Unknown command.
Found 13 gold pieces.
Found an escape hatch in the floor.
Casting: Sandblast (safe; 5% risk of failure)
Confirm with . or Enter, or press ? or * to list all spells.
Aiming: Sandblast (safe; 5% risk of failure)
Press: ? - help, Shift-Dir - straight line, f - iguana
Aim: an iguana (84% to hit)
The blast of sand hits the iguana but does no damage.
Unknown command.
Casting: Sandblast (safe; 5% risk of failure)
Confirm with . or Enter, or press ? or * to list all spells.
Aiming: Sandblast (safe; 5% risk of failure)
Press: ? - help, Shift-Dir - straight line, f/p - iguana
Aim: an iguana (84% to hit)
The blast of sand hits the iguana but does no damage.
The iguana barely misses you. The iguana bites you!
You focus on the pain.
You feel your power returning.
Unknown command.
Casting: Sandblast (safe; 5% risk of failure)
Confirm with . or Enter, or press ? or * to list all spells.
Aiming: Sandblast (safe; 5% risk of failure)
Press: ? - help, Shift-Dir - straight line, f/p - iguana
Aim: an iguana (84% to hit)
The blast of sand hits the iguana but does no damage.
The iguana bites you!
Unknown command.
Casting: Sandblast (safe; 5% risk of failure)
Confirm with . or Enter, or press ? or * to list all spells.
Aiming: Sandblast (safe; 5% risk of failure)
Press: ? - help, Shift-Dir - straight line, f/p - iguana
Aim: an iguana (84% to hit)
The blast of sand hits the iguana.
The iguana is moderately wounded.
The iguana bites you!
* * * LOW HITPOINT WARNING * * *
The iguana bites you!
You die...

..)....)..#
............# ..#
#......#
...#####.>..# #
#...........#.#
.#....#......#
#.#............#
.................
#......@..##.##..
#####..l..# ... <
#.....# ...#
#........ ##
##........
#....#.....
#..#.#..... >..
..#$...


You could see an iguana.

Vanquished Creatures
  An ogre (D:5)
  3 adders
  A dart slug (D:3)
  An orc (D:6)
  3 ball pythons (D:2)
  A bat (D:1)
  4 endoplasms
  4 giant cockroaches
  4 hobgoblins
  A quokka (D:1)
  3 frilled lizards (D:1)
  3 goblins
  A kobold (D:3)
  3 rats
33 creatures vanquished.

Notes
Turn   | Place    | Note
-------+----------+-------------------------------------------
     0 | D:1      | protoss039 the Demonspawn Earth Elementalist began the
                  | quest for the Orb.
     0 | D:1      | Reached XP level 1. HP: 13/13 MP: 3/3
   496 | D:1      | Gained mutation: You sometimes gain a little power by
                  | taking damage. [demonic ancestry]
   496 | D:1      | Reached XP level 2. HP: 20/20 MP: 3/5
   938 | D:1      | Found a faded altar of an unknown god.
  1014 | D:2      | Reached skill level 1 in Fighting
  1014 | D:2      | Reached skill level 3 in Earth Magic
  1409 | D:2      | Reached XP level 3. HP: 24/26 MP: 1/6
  1629 | D:2      | Learned a level 2 spell: Passwall
  1633 | D:2      | Learned a level 3 spell: Stone Arrow
  1739 | D:3      | Found a runed translucent door.
  1739 | D:3      | Noticed Sapher's ghost (amateur MeEE)
  1835 | D:3      | Found a blossoming altar of Fedhas.
  1958 | D:3      | Identified the +7 mace of Disembowelment {freeze, Dex+4}
  2101 | D:3      | Reached skill level 1 in Armour
  2181 | D:3      | You fall into a shaft and drop 3 floors!
  2198 | D:5      | Entered Level 5 of the Dungeon
  2198 | D:5      | Noticed an ogre
  2201 | D:5      | Killed an ogre
  2202 | D:5      | Reached XP level 4. HP: 33/33 MP: 3/8
  2253 | D:5      | Reached XP level 5. HP: 38/38 MP: 6/9
  2257 | D:5      | Mangled by an iguana

Illustrated notes

Levels and vault maps discovered:
D:1:      minmay_arrival_stair_chambers, layout_basic,
          shapermc_ecumenical_altar_mp_vishouse
D:2:      layout_rooms, minmay_bisected
D:3:      layout_basic, mainiacjoe_overflow_catwalk,
          ebering_ghost_reflecting_pool, minmay_misc_feat_five,
          hangedman_decor_diamond_cutter, kennysheep_boxes
D:5:      layout_cave_pools, grunt_temple_overflow_lords_of_destruction,
          grunt_temple_overflow_cloverleaf, dancing_weapons_uskayaw,
          uniq_eustachio, uniq_duvessa
D:6:      layout_loops_ring

Skill      XL: |  1  2  3 |
---------------+----------+-----
Fighting       | 1 2 |  2.0
Earth Magic    | 3 |  3.4
Armour         | 2 |  2.0
Dodging        | |  1.7
Stealth        | |  1.7
Spellcasting   | |  2.9
Transmutations | |  0.8

Action                   |  1- 3 |  4- 6 || total
-------------------------+-------+-------++-------
Melee: Unarmed           |     5 |       ||     5
       Dagger            |    14 |       ||    14
 Cast: Sandblast         |    47 |     6 ||    53
Armor: Robe              |     3 |       ||     3
       Leather armour    |     7 |       ||     7
Dodge: Dodged            |    26 |     1 ||    27
